 Dungeon Sprint DCSS version 0.30.0-10-gfe55d96785 (webtiles) character file.

Game seed: 12260440610233102890

25 Groucho the Shooter (level 2, -10/16 HPs)
             Began as a Spriggan Hunter on May 14, 2023.
             Was a Believer of Qazlal.
             Mangled by an ogre
             ... wielding a +0 giant club
              (26 damage)
             ... in the Dungeon (Sprint VII: "The Pits").
             The game lasted 00:01:07 (391 turns).

Groucho the Shooter (Spriggan Hunter)                Turns: 391, Time: 00:01:08

Health: -10/16     AC:  2    Str:  7    XL:     2   Next: 82%
Magic:  4/4        EV: 19    Int: 10    God:    Qazlal [**....]
Gold:   0          SH:  2    Dex: 18    Spells: 1/1 levels left

rFire   . . .        a - +0 shortbow
rCold   . . .        (shield currently unavailable)
rNeg    . . .        c - +0 robe
rPois   .            (helmet restricted)
rElec   .            (no cloak)
rCorr   .            (gloves unavailable)
SInv    +            (boots unavailable)
Will    .....        (no amulet)
Stlth   ++           (no ring)
HPRegen 0.22/turn    (no ring)
MPRegen 0.09/turn

%: no teleportation
@: very quick
A: very small, no large weapons, unfitting armour, see invisible, speed 3
a: Renounce Religion, Upheaval


You were in the Dungeon.
You worshipped Qazlal.
Qazlal was pleased with you.
You visited 1 branch

Inventory:

Hand Weapons
 a - a +0 shortbow (weapon)
Armour
 c - a +0 robe (worn)
Scrolls
 b - a scroll of immolation
 i - a scroll of blinking
 k - 5 scrolls of amnesia
 l - a scroll of summoning
Potions
 d - a potion of curing
 e - a potion of heal wounds
 f - a potion of haste
 g - 4 potions of magic
 h - 3 potions of berserk rage
 j - 2 potions of invisibility


   Skills:
 + Level 2.8 Fighting
 + Level 5.0 Ranged Weapons
 + Level 4.5 Dodging
 - Level 1.5 Stealth
 + Level 2.4 Invocations


You had one spell level left.
You didn't know any spells.
Your spell library was empty.

Dungeon Overview and Level Annotations

Branches:
Dungeon (1/1)

Altars:
Ashenzari
Cheibriados
Dithmenos
Elyvilon
Fedhas
Gozag
Hepliaklqana
Kikubaaqudgha
Makhleb
Nemelex Xobeh
Okawaru
Qazlal
Ru
Sif Muna
Trog
Uskayaw
Vehumet
Wu Jian
Xom
Yredelemnul
Zin
The Shining One
Jiyva
Lugonu


Innate Abilities, Weirdness & Mutations

You are very small and have problems with some larger weapons.
You are too small for most types of armour.
You have supernaturally acute eyesight. (SInv)
You cover ground extremely quickly. (Speed+++)


Message History

The arrow hits the quokka!
You kill the quokka!
Qazlal accepts your kill.
Your Invocations skill increases to level 2!
There is an open door to the Storerooms (Easy) here.
You shoot an arrow.
The arrow hits the gnoll but does no damage.
The gnoll is moderately wounded.
You shoot an arrow. The arrow hits the gnoll.
The gnoll is heavily wounded.
You see here a +0 spear.
You shoot an arrow. The arrow hits the gnoll.
The gnoll is heavily wounded.
You shoot an arrow. The arrow hits the gnoll.
The gnoll is severely wounded.
You shoot an arrow. The arrow hits the gnoll.
You kill the gnoll!
Qazlal accepts your kill.
You can now call upon nature to destroy your foes.
Your Ranged Weapons skill increases to level 5!
No target in view!
You see here a +0 flail.
You see here a +0 spear.
There is an open door to the Storerooms (Easy) here.
There is an open door here.
There is an open door here.
There is an open door here.
You see here a quokka corpse.
A floating eye and an ogre come into view.
The ogre shouts!
There is a large open door here.
You shoot an arrow.
The floating eye turns its gaze towards you.
The arrow hits the ogre but does no damage.
The floating eye pulsates ominously.
You shoot an arrow. The arrow hits the ogre.
The ogre is lightly wounded.
The ogre hits you with a +0 giant club!!
Ouch! That really hurt!
You die...

#.?(.')))'.##......#..
##########.##.........
#...........'.....)...
#+#####'#####......#..
#..#...'.##.........
#..#...#.#####'#####
#..#####.##.......#
#..'...#.##.......#
#..@...†.##.......#
#GO########...<...#
#.. #.......# #..
#.......# ###
#.......# #########


You could see an ogre and a floating eye.

Vanquished Creatures
  2 gnolls (D)
  3 quokkas (D)
  A bat (D)
  A quokka zombie (D)
7 creatures vanquished.

Notes
Turn   | Place    | Note
-------+----------+-------------------------------------------
     0 | D        | Groucho the Spriggan Hunter began the quest for the Orb.
     0 | D        | Reached XP level 1. HP: 10/10 MP: 2/2
    39 | D        | Found a bloodstained altar of Trog.
    39 | D        | Found a shimmering blue altar of Sif Muna.
    39 | D        | Found a viscous altar of Jiyva.
    39 | D        | Found a hazy altar of Hepliaklqana.
    39 | D        | Found an opulent altar of Gozag.
    40 | D        | Found a glowing golden altar of the Shining One.
    40 | D        | Found a glowing silver altar of Zin.
    40 | D        | Found a basalt altar of Yredelemnul.
    40 | D        | Found a shimmering altar of Xom.
    40 | D        | Found an ornate altar of the Wu Jian Council.
    40 | D        | Found a sacrificial altar of Ru.
    40 | D        | Found a stormy altar of Qazlal.
    40 | D        | Found an iron altar of Okawaru.
    40 | D        | Found a sparkling altar of Nemelex Xobeh.
    40 | D        | Found a burning altar of Makhleb.
    40 | D        | Found a blossoming altar of Fedhas.
    40 | D        | Found a white marble altar of Elyvilon.
    40 | D        | Found a shadowy altar of Dithmenos.
    40 | D        | Found a snail-covered altar of Cheibriados.
    42 | D        | Found a radiant altar of Vehumet.
    42 | D        | Found a corrupted altar of Lugonu.
    43 | D        | Found a hide-covered altar of Uskayaw.
    43 | D        | Found an ancient bone altar of Kikubaaqudgha.
    43 | D        | Found a broken altar of Ashenzari.
    47 | D        | Became a worshipper of Qazlal Stormbringer
    79 | D        | Reached skill level 1 in Invocations
    79 | D        | Reached XP level 2. HP: 16/16 MP: 2/4
   307 | D        | Reached * piety under Qazlal
   355 | D        | Reached ** piety under Qazlal
   356 | D        | Reached skill level 5 in Ranged Weapons
   389 | D        | Noticed a floating eye
   389 | D        | Noticed an ogre
   391 | D        | Mangled by an ogre

Illustrated notes

Levels and vault maps discovered:
D:        pitsprint [storerooms_1, entrance_room_1, metal_vault_1, armoury_2,
          mini_pit_1, grid_room_1, main_hall_1, silver_pit, the_coven_1,
          the_vestibule_1, steel_vault_2, golden_pit, hallway_of_sentries,
          crystal_vault_3, iron_vault_4, final_vault]

Skill      XL: |  1  2 |
---------------+-------+-----
Dodging        | 3 4 |  4.5
Fighting       | 2 |  2.8
Invocations    | 1 2 |  2.4
Ranged Weapons | 5 |  5.0
Stealth        | |  1.5

Action                     || total
---------------------------++-------
   Fire: Shortbow          ||    21
  Dodge: Dodged            ||     2
